 Dungeon Crawl Stone Soup version 0.29.1-12-g30fa7ad0bf (webtiles) character file.

Game seed: 16189501078905695913

444285 nightchill the Conqueror (level 23, -1/175 (240) HPs)
             Began as a Minotaur Fighter on Jan 10, 2023.
             Was the Champion of Dithmenos.
             Slain by a shadow dragon (3 damage)
             ... on level 4 of the Vaults.
             The game lasted 02:48:53 (50000 turns).

nightchill the Conqueror (Minotaur Fighter)        Turns: 50000, Time: 02:48:54

HP:   -1/175 (240)  AC: 37    Str: 31    XL:     23   Next: 8%
MP:   29/33         EV: 10    Int:  5    God:    Dithmenos [******]
Gold: 796           SH: 13    Dex: 13    Spells: 22/22 levels left

rFire   + + +      SeeInvis +   w - +5 broad axe (flame)
rCold   + + .      Faith    .   Z - +0 kite shield of Jimuss {rElec Regen+ Str+2 Slay+5}
rNeg    . . .      Spirit   .   c - +9 scales of the Dragon King {rPois rF+ rC+ Will+}
rPois   +          Reflect  .   G - +2 hat {SInv}
rElec   +          Harm     .   O - scarf {repulsion}
rCorr   +          Rampage  .   I - +0 pair of gloves {hurl}
Will    +++..                   E - +0 pair of boots
Stlth   ..........              f - amulet of the acrobat
HPRegen 1.19/turn               Q - ring of resist corrosion
MPRegen 0.23/turn               z - ring of the Twisting Gods {Wiz rF+ Will+}

@: about to teleport, resistant, hasted, wreathed by umbra, studying 2 skills,
very heavily drained, repel missiles, very quick
A: horns 2, retaliatory headbutt
}: 2/15 runes: barnacled, gossamer
a: Renounce Religion, Shadow Step, Shadow Form


You were on level 4 of the Vaults.
You worshipped Dithmenos.
Dithmenos was exalted by your worship.
You visited 9 branches of the dungeon, and saw 38 of its levels.
You visited the Abyss 1 time.
You visited 1 bazaar.
You also visited: Sewer, Ossuary and Ice Cave.

You collected 3843 gold pieces.
You spent 3047 gold pieces at shops.

Inventory:

Hand Weapons
 a - a +5 vorpal broad axe
 w - a +5 broad axe of flaming (weapon)
Missiles
 q - 47 poisoned darts
 u - 17 curare-tipped darts (quivered)
 V - 4 throwing nets
Armour
 c - the +9 scales of the Dragon King (worn) {rPois rF+ rC+ Will+}
   (You bought it in a shop on level 9 of the Dungeon)

   rF:        It protects you from fire.
   rC:        It protects you from cold.
   rPois:     It protects you from poison.
   Will:      It increases your willpower.
 E - a +0 pair of boots (worn)
 G - a +2 hat of see invisible (worn)
 I - a +0 pair of gloves of hurling (worn)
 O - a scarf of repulsion (worn)
 Z - the +0 kite shield of Jimuss (worn) {rElec Regen+ Str+2 Slay+5}
   (You found it on level 4 of the Shoals)

   Str:       It affects your strength (+2).
   Slay:      It affects your accuracy & damage with ranged weapons and melee
   (+5).
   rElec:     It insulates you from electricity.
   Regen:     It increases your rate of health regeneration.
Jewellery
 f - an amulet of the acrobat (around neck)
 z - the ring of the Twisting Gods (right hand) {Wiz rF+ Will+}
   (You bought it in a shop in a bazaar)

   [ring of wizardry]

   It improves your spell success rate.
   rF:        It protects you from fire.
   Will:      It increases your willpower.
 L - a ring of positive energy
 Q - a ring of resist corrosion (left hand)
 U - a ring of ice
 X - the ring of the Tortoise {AC+8}
   (You found it on level 14 of the Dungeon)

   [ring of protection]

   AC:        It affects your AC (+8).
Wands
 m - a wand of charming (28)
 n - a wand of digging (4)
 s - a wand of flame (141)
 D - a wand of mindburst (16)
 R - a wand of iceblast (25)
 T - a wand of light (4)
Scrolls
 b - 8 scrolls of butterflies
 e - 6 scrolls of fear
 h - 2 scrolls of torment
 o - 15 scrolls of teleportation
 p - 3 scrolls of summoning
 r - 6 scrolls of poison
 y - 5 scrolls of enchant weapon
 B - 2 scrolls of magic mapping
 F - 7 scrolls of enchant armour
 K - 3 scrolls of immolation
 N - a scroll of silence
 W - 3 scrolls of blinking
 Y - 6 scrolls of vulnerability
Potions
 d - 4 potions of resistance
 g - 18 potions of curing
 i - 7 potions of lignification
 k - 8 potions of magic
 l - 10 potions of attraction
 t - 12 potions of flight
 x - 3 potions of cancellation
 A - 5 potions of ambrosia
 C - 2 potions of invisibility
 H - 3 potions of mutation
 M - 2 potions of haste
 P - 2 potions of brilliance
 S - a potion of berserk rage
Miscellaneous
 v - a condenser vane (inert)
 J - a phial of floods (inert)


   Skills:
 O Level 27 Fighting
 - Level 18.0 Axes
 - Level 12.0 Throwing
 - Level 20.0 Armour
 - Level 10.0 Dodging
 - Level 15.0 Shields
 - Level 15.0 Invocations
 + Level 14.0 Evocations


You had 22 spell levels left.
You didn't know any spells.
Your spell library contained the following spells:

 Spells                   Type           Power      Damage    Failure   Level
 Freeze                   Ice            0%         1d3       96%         1
 Magic Dart               Conj           0%         1d3       96%         1
 Necrotise                Necr           0%         1d4       96%         1
 Shock                    Conj/Air       0%         1d3       96%         1
 Call Imp                 Summ           0%         N/A       99%         2
 Ensorcelled Hibernation  Hex/Ice        0%         N/A       99%         2
 Poisonous Vapours        Pois/Air       0%         N/A       99%         2
 Scorch                   Fire           0%         2d5       99%         2
 Sublimation of Blood     Necr           0%         N/A       99%         2
 Call Canine Familiar     Summ           0%         N/A       100%        3
 Dazzling Flash           Conj/Hex       0%         N/A       100%        3
 Frozen Ramparts          Ice            0%         1d1       100%        3
 Gell's Gravitas          Tloc           0%         N/A       100%        3
 Ignite Poison            Fire/Tmut/Pois 0%         N/A       100%        3
 Lesser Beckoning         Tloc           0%         N/A       100%        3
 Mephitic Cloud           Conj/Pois/Air  0%         N/A       100%        3
 Portal Projectile        Hex/Tloc       0%         N/A       100%        3
 Spider Form              Tmut/Pois      0%         N/A       100%        3
 Swiftness                Air            0%         N/A       100%        3
 Teleport Other           Tloc           0%         N/A       100%        3
 Vampiric Draining        Necr           0%         2d6       100%        3
 Airstrike                Air            0%         2d(0-16)  100%        4
 Anguish                  Hex/Necr       0%         N/A       100%        4
 Flame Wave               Conj/Fire      0%         2d4       100%        4
 Hailstorm                Conj/Ice       0%         3d3       100%        4
 Leda's Liquefaction      Hex/Erth       0%         N/A       100%        4
 Petrify                  Tmut/Erth      0%         N/A       100%        4
 Agony                    Necr           0%         N/A       100%        5
 Alistair's Intoxication  Tmut/Pois      0%         N/A       100%        5
 Fireball                 Conj/Fire      0%         3d3       100%        5
 Freezing Cloud           Conj/Ice/Air   0%         6-21      100%        5
 Irradiate                Conj/Tmut      0%         3d11      100%        5
 Iskenderun's Battlesphe  Conj           0%         2d6       100%        5
 Metabolic Englaciation   Hex/Ice        0%         N/A       100%        5
 Silence                  Hex/Air        0%         N/A       100%        5
 Summon Forest            Summ/Tloc      0%         N/A       100%        5
 Summon Mana Viper        Hex/Summ       0%         N/A       100%        5
 Death Channel            Necr           0%         N/A       100%        6
 Dispersal                Tloc           0%         N/A       100%        6
 Iron Shot                Conj/Erth      0%         9d1       100%        6
 Starburst                Conj/Fire      0%         6d3       100%        6
 Statue Form              Tmut/Erth      0%         N/A       100%        6
 Summon Cactus Giant      Summ           0%         N/A       100%        6
 Spellforged Servitor     Conj/Summ      0%         N/A       100%        7
 Ignition                 Fire           0%         3d3       100%        8


Dungeon Overview and Level Annotations

Branches:
Dungeon (15/15)            Temple (1/1) D:5            Lair (4/5) D:10
 Shoals (4/4) Lair:2       Spider (4/4) Lair:3          Orc (2/2) D:9
    Elf (2/3) Orc:2        Vaults (4/5) D:14          Crypt (0/3) Vaults:2
 Depths (1/4) D:15          Sewer (visited)         Ossuary (visited)
  IceCv (visited)
  Slime: Lair:4-5

Altars:
Ashenzari
Cheibriados
Dithmenos
Elyvilon
Fedhas
Gozag
Hepliaklqana
Kikubaaqudgha
Makhleb
Nemelex Xobeh
Okawaru
Qazlal
Ru
Sif Muna
Trog
Uskayaw
Vehumet
Wu Jian
Xom
Yredelemnul
Zin
The Shining One

Shops:
D:3 [   D:7 [   D:9 ([   Orc:1 (   Orc:2 [?=*   Elf:1 =   Vaults:1 *
Vaults:5 ?

Portals:
Hell: Depths:1
Abyss: Depths:1
Pandemonium: Orc:2 Depths:1

Annotations:
D:8 2 runed translucent doors
D:10 2 transporters
D:12 exclusion: orc wizard
D:14 exclusion: 2 downstairs
D:15 Roxanne
Lair:2 exclusion: downstairs
Shoals:1 exclusion: 2 downstairs
Orc:2 5 exclusions
Elf:2 exclusion: door
Vaults:4 2 transporters
Vaults:5 !careful


Innate Abilities, Weirdness & Mutations

You have a pair of horns on your head.
You reflexively headbutt those who attack you in melee.


Message History

You burn the shadow dragon. You slash the vault warden!
You burn the vault warden!
Your shadow hits the vault warden with a broad axe. x2
Your shadow hits the vault guard but does no damage.
Your shadow closely misses the shadow dragon.
The vault warden completely misses you.
You hit the vault warden but do no damage.
The vault warden is severely wounded.
You slice the vault guard!! You burn the vault guard.
You slash the shadow dragon! You burn the shadow dragon.
You closely miss the vault warden.
The vault warden unwields a +0 arbalest.
The vault warden wields a +3 dire flail of holy wrath.
It softly glows with a divine radiance!
You block the vault warden's attack.
The shadow dragon bites you but does no damage.
You block the shadow dragon's attack. x2
The vault guard hits you but does no damage.
You hit the vault warden. You burn the vault warden.
Your headbutt misses the vault warden.
The vault warden is almost dead.
You slice the vault warden!! You burn the vault warden!
You hit the vault guard but do no damage.
You hit the shadow dragon but do no damage.
Your shadow misses the vault warden.
Your shadow hits the vault warden but does no damage.
Your shadow hits the vault guard with a broad axe.
Your shadow hits the shadow dragon but does no damage.
The vault warden closely misses you. You furiously retaliate!
You headbutt the vault warden, but do no damage.
You completely miss the vault warden.
The vault warden is almost dead.
The vault guard blocks your attack.
You completely miss the shadow dragon. You closely miss the vault warden.
The vault guard hits you but does no damage.
The vault warden hits you with a +3 dire flail of holy wrath!!
* * * LOW HITPOINT WARNING * * *
The shadow dragon bites you!
* * * LOW HITPOINT WARNING * * *
You feel drained.
You die...

#######.[.....#....
#....##.......#....
#########
##.##.##.......#####
........#
###...#..#............
........#
##...∩....#......[.....
........#
#..#...#..#...[.[[[....
........#
#..##.##..#.....[[[....
........#
#....ppp..+............
........#
#....D@...#............
........#
#.........+.....#######
........#
#.........#.....#......
........#
###########.....'......
######### #.....#......
#.....#......
*******#######
#.....#......
,,,,,,,#.....#
#.....#.....<
,*,*,*,#.#.#.#
#.....#......


You could see a shadow dragon, 2 vault wardens and a vault guard.

Vanquished Creatures
  2 dread liches (Vaults:5)
  2 ancient liches (Vaults:5)
  Mara (Vaults:3)
  Margery (Vaults:4)
  A golden dragon (Vaults:3)
  Nikola (Depths:1)
  A bone dragon (Abyss:2)
  Arachne (Spider:3)
  A walking crystal tome (D:15)
  Jorgrun (D:13)
  Rupert (D:13)
  A lich (Depths:1)
  A walking frostbound tome (D:15)
  5 titans
  Asterion (Vaults:1)
  A kraken (Shoals:2)
  2 acid blobs (Depths:1)
  Kirke (Spider:1)
  A thorn hunter (Depths:1)
  An ancient champion (Vaults:2)
  Polyphemus (Shoals:2)
  2 storm dragons (Vaults:5)
  2 sphinxes
  2 shadow dragons (Vaults:5)
  The ghost of ioannis32 the Protected, an adept DsBe of Trog (Elf:2)
  Agnes (D:15)
  The ghost of Daczui the Severer, a journeyman MiBe of Trog (Shoals:3)
  A deep elf sorcerer (Elf:2)
  3 iron dragons (Vaults:5)
  4 fire giants
  An emperor scorpion (Spider:4)
  8 frost giants
  A curse skull (Vaults:2)
  5 ghost moths (Spider:4)
  2 orc warlords
  A balrug (Depths:1)
  Aizul (Vaults:1)
  20 vault wardens
  18 ironbound preservers
  A reaper (Depths:1)
  7 ironbound thunderhulks
  3 broodmothers
  6 war gargoyles
  14 stone giants
  2 vampire knights
  15 very ugly things
  Azrael (D:13)
  10 spark wasps
  2 deep elf annihilators
  7 entropy weavers
  A deep elf death mage (Elf:1)
  Snorg (D:10)
  21 dire elephants
  3 crystal guardians
  4 merfolk javelineers
  8 merfolk impalers (Shoals:4)
  4 ettins
  7 great orbs of eyes
  2 deep elf high priests (Vaults:5)
  3 fire dragons (Depths:1)
  6 yaktaur captains
  Fannar (D:10)
  3 ice dragons
  4 hydras
  4 peacekeepers
  A spriggan air mage (Depths:1)
  10 boulder beetles
  26 vault guards
  2 demonspawn (Orc:2)
  4 caustic shrike simulacra (IceCv)
  7 centaur warriors
  3 merfolk avatars
  13 ironbound frosthearts
  An ogre mage (Vaults:1)
  5 jorogumos (Spider:4)
  Erica (Lair:1)
  2 alligator snapping turtles (Shoals:4)
  A radroach (Spider:2)
  5 merfolk aquamancers
  4 two-headed ogres
  3 catoblepae
  A deep troll shaman (Depths:1)
  3 death yaks
  8 tengu warriors
  A death knight (D:15)
  21 dancing weapons
  2 deep troll earth magi (Depths:1)
  3 spriggan berserkers
  14 deep elf knights
  6 orc high priests (Orc:2)
  Urug (D:13)
  A sun demon (Orc:2)
  Nergalle (Lair:1)
  11 hell knights
  5 pharaoh ants
  7 skeletal warriors
  A golden dragon zombie (Vaults:4)
  3 iron trolls (Depths:1)
  13 orb spiders
  4 steelbarb worms
  54 deep trolls
  3 glowing orange brains
  11 sea snakes
  A spriggan simulacrum (IceCv)
  3 phantasmal warriors
  2 bog bodies (IceCv)
  23 harpies
  9 necromancers
  8 wizards
  2 lindwurms
  9 deep elf archers
  15 ironbound convokers
  A golden dragon skeleton (Vaults:4)
  29 deep elf pyromancers
  11 deep elf zephyrmancers
  2 obsidian statues (IceCv)
  A stone giant zombie (Vaults:3)
  6 orc knights
  12 fauns
  34 ugly things
  24 wolf spiders
  12 cyclopes
  10 manticores
  4 moths of wrath
  9 orc sorcerers
  14 elephants
  A rust devil (Orc:2)
  A torpor snail (Spider:1)
  9 merfolk sirens
  A black mamba (Lair:2)
  A human skeleton (Vaults:3)
  11 vault sentinels
  2 gargoyles
  5 cane toads
  3 unseen horrors
  6 water nymphs
  A demonic crawler (Spider:4)
  A yaktaur zombie (Vaults:4)
  6 freezing wraiths
  3 rime drakes
  An efreet (D:13)
  24 yaktaurs
  An ice devil (IceCv)
  2 komodo dragons
  4 golden dragon simulacra (IceCv)
  A tengu conjurer (Depths:1)
  26 merfolk
  A red devil (Orc:2)
  9 trolls
  6 meliai
  6 wind drakes
  2 polar bears (Lair:4)
  A hornet (Spider:1)
  9 dream sheep
  3 large abominations
  36 slime creatures
  15 tarantellas
  9 blink frogs
  8 snapping turtles
  A stone giant simulacrum (Vaults:4)
  24 jumping spiders
  A culicivora (shapeshifter) (D:15)
  21 culicivoras
  2 vampires (D:12)
  7 air elementals (Shoals:4)
  2 shadows
  4 hogs (Spider:1)
  19 water elementals
  2 wraiths
  35 yaks
  A dire elephant simulacrum (IceCv)
  3 fire elementals (D:13)
  A neqoxec (Orc:2)
  A wyvern (D:9)
  50 redbacks
  9 humans (D:14)
  A human simulacrum (Vaults:4)
  2 minotaur simulacra (IceCv)
  A steam dragon (D:8)
  A human (shapeshifter) (Abyss:2)
  4 vampire mosquitoes (D:14)
  Menkaure (D:7)
  8 wargs
  4 acid dragons
  2 hydra simulacra (IceCv)
  12 water moccasins
  A hell hound (D:13)
  Duvessa (D:4)
  2 ice beasts
  29 orc warriors
  A swamp drake (D:11)
  A black bear (D:7)
  9 ogres
  An ettin simulacrum (IceCv)
  2 boggarts
  11 centaurs
  16 wolves
  4 elf zombies
  A kobold brigand (Sewer)
  A necrophage (D:6)
  10 bullfrogs
  8 scorpions
  A deep troll simulacrum (IceCv)
  3 gnoll sergeants (D:8)
  An earth elemental (Elf:1)
  Dowan (D:4)
  8 wights
  10 howler monkeys
  An electric eel (Lair:2)
  A crimson imp (D:11)
  2 small abominations (Abyss:2)
  A centaur zombie (Ossuary)
  2 human zombies
  An iron imp (D:11)
  2 jellies
  A gnoll bouda (D:6)
  31 orc priests
  8 hounds
  4 iguanas
  17 orc wizards
  4 hell rats (Lair:1)
  2 hound zombies (Ossuary)
  3 mummies (Ossuary)
  14 gnolls
  10 adders
  2 river rats (Sewer)
  A shadow imp (D:11)
  8 white imps
  An ufetubus (Abyss:2)
  3 adder zombies (Ossuary)
  A worm (D:3)
  The ghost of Sapher the Grave Robber, a weakling TrNe (D:3)
  A dart slug (D:1)
  74 orcs
  7 ball pythons
  5 endoplasms
  9 giant cockroaches
  3 gnoll zombies (Ossuary)
  10 goblins
  10 hobgoblins
  5 jackals
  13 kobolds
  3 quokkas (D:3)
  3 bats
  6 frilled lizards
  8 goblin zombies
  3 hobgoblin zombies (Ossuary)
  4 jackal zombies (Ossuary)
  2 kobold zombies (Ossuary)
  2 orc zombies (Ossuary)
  4 quokka zombies
  2 rats (D:2)
  4 rat zombies (Ossuary)
  4 tentacles (Shoals:2)
1604 creatures vanquished.

Vanquished Creatures (others)
  A wolf spider (Spider:4)
  2 humans (D:14)
  An orc priest (Orc:2)
  An orc (Orc:2)
  3 briar patches (Depths:1)
  14 fungi
  55 plants
  10 tentacles (Shoals:2)
87 creatures vanquished.

Grand Total: 1691 creatures vanquished

Notes
Turn   | Place    | Note
-------+----------+-------------------------------------------
     0 | D:1      | nightchill the Minotaur Fighter began the quest for the
                  | Orb.
     0 | D:1      | Reached XP level 1. HP: 19/19 MP: 0/0
    76 | D:1      | Reached XP level 2. HP: 25/27 MP: 1/1
   261 | D:1      | Found a faded altar of an unknown god.
   494 | D:1      | Reached skill level 4 in Fighting
  1031 | D:2      | Reached XP level 3. HP: 33/33 MP: 2/2
  1429 | D:2      | Reached XP level 4. HP: 39/41 MP: 3/3
  1800 | D:3      | Reached skill level 5 in Axes
  1869 | D:3      | Found Poej Zeu's Armour Emporium.
  1960 | D:3      | Reached XP level 5. HP: 47/47 MP: 4/4
  1963 | D:3      | Reached skill level 5 in Fighting
  2001 | D:3      | Found a glowing drain.
  2020 | Sewer    | Entered a sewer
  2179 | Sewer    | Found a glowing silver altar of Zin.
  2441 | D:3      | Found a runed translucent door.
  2443 | D:3      | Noticed Sapher's ghost (weakling TrNe)
  2852 | D:4      | Reached XP level 6. HP: 56/56 MP: 5/5
  3149 | D:4      | Noticed Duvessa
  3150 | D:4      | Noticed Dowan
  3164 | D:4      | Killed Duvessa
  3165 | D:4      | Reached skill level 6 in Fighting
  3166 | D:4      | Killed Dowan
  3167 | D:4      | Reached XP level 7. HP: 23/63 MP: 6/6
  3510 | D:4      | Found a shadowy altar of Dithmenos.
  4069 | D:4      | Became a worshipper of Dithmenos the Shadowed
  4093 | D:5      | Entered Level 5 of the Dungeon
  4160 | D:5      | Noticed a +0 dagger
  4162 | D:5      | Noticed a +0 dagger
  4203 | D:5      | Found a sand-covered staircase.
  4220 | Ossuary  | Entered an ossuary
  4332 | Ossuary  | Reached * piety under Dithmenos
  4750 | D:5      | Reached skill level 7 in Fighting
  4845 | D:5      | Found a staircase to the Ecumenical Temple.
  4873 | Temple   | Entered the Ecumenical Temple
  4929 | D:5      | Found a hide-covered altar of Uskayaw.
  4936 | D:5      | Reached XP level 8. HP: 60/73 MP: 7/7
  5426 | D:6      | Found a blossoming altar of Fedhas.
  5452 | D:6      | Reached skill level 10 in Axes
  5536 | D:6      | Reached ** piety under Dithmenos
  5733 | D:6      | Reached skill level 8 in Fighting
  6327 | D:6      | Found an opulent altar of Gozag.
  6865 | D:7      | Found a snail-covered altar of Cheibriados.
  6994 | D:7      | Reached XP level 9. HP: 54/82 MP: 8/8
  7138 | D:7      | Reached skill level 9 in Fighting
  7280 | D:7      | Noticed Menkaure
  7292 | D:7      | Killed Menkaure
  7460 | D:7      | Noticed a four-headed hydra
  7474 | D:7      | Killed a four-headed hydra
  7475 | D:7      | Reached skill level 10 in Fighting
  7493 | D:7      | Noticed a cyclops
  7684 | D:7      | Noticed a cyclops
  7698 | D:7      | Killed a cyclops
  7737 | D:7      | Killed a cyclops
  7738 | D:7      | Reached XP level 10. HP: 70/94 MP: 9/9
  7857 | D:7      | Found Sarul's Antique Armour Boutique.
  8426 | D:7      | Got the Handbook of the Planar Snake
  8815 | D:8      | Found a stormy altar of Qazlal.
  8900 | D:8      | Noticed a boulder beetle
  8913 | D:8      | Killed a boulder beetle
  8914 | D:8      | Reached skill level 11 in Fighting
  8914 | D:8      | Reached skill level 1 in Invocations
  8983 | D:8      | Reached *** piety under Dithmenos
  9109 | D:8      | Found a large runed translucent door.
  9110 | D:8      | Found a large runed translucent door.
  9147 | D:8      | Noticed a deep elf pyromancer
  9157 | D:8      | Killed a deep elf pyromancer
  9158 | D:8      | Reached skill level 15 in Axes
  9239 | D:8      | Noticed a cyan ugly thing
  9245 | D:8      | Found a large runed translucent door.
  9245 | D:8      | Found a large runed translucent door.
  9445 | D:8      | Noticed a two-headed ogre
  9450 | D:8      | Killed a two-headed ogre
  9688 | D:8      | Found a glowing silver altar of Zin.
 10201 | D:8      | Identified the +0 plate armour of Feskeb {Regen+}
 10341 | D:9      | Reached XP level 11. HP: 84/104 MP: 11/13
 10361 | D:9      | Found Plog's Weapon Shop.
 10371 | D:9      | Noticed a two-headed ogre
 10380 | D:9      | Killed a two-headed ogre
 10381 | D:9      | Reached skill level 12 in Fighting
 10384 | D:9      | Found a staircase to the Orcish Mines.
 10386 | D:9      | Found Sar Digro's Armour Shop.
 10443 | D:9      | Reached **** piety under Dithmenos
 10878 | D:9      | Bought 2 curare-tipped darts for 18 gold pieces
 11049 | D:10     | Entered Level 10 of the Dungeon
 11086 | D:10     | Found a transporter.
 11091 | D:10     | Noticed a fire crab
 11239 | D:10     | Found a transporter.
 11255 | D:10     | Identified the +9 whip of the Puffball {protect, Drain
                  | rElec rCorr Dex+3}
 11289 | D:10     | Noticed Snorg
 11302 | D:10     | Killed Snorg
 11303 | D:10     | Reached skill level 5 in Invocations
 11401 | D:10     | Found a staircase to the Lair.
 11593 | D:10     | Noticed Fannar
 11640 | Lair:1   | Entered Level 1 of the Lair of Beasts
 11964 | Lair:1   | Noticed Erica
 11970 | Lair:1   | Killed Erica
 11985 | Lair:1   | Noticed Nergalle
 11999 | Lair:1   | Killed Nergalle
 12123 | Lair:1   | Reached skill level 13 in Fighting
 12542 | Lair:2   | Found a staircase to the Shoals.
 12657 | Lair:2   | Reached XP level 12. HP: 93/115 MP: 15/15
 12869 | Lair:2   | Reached ***** piety under Dithmenos
 13822 | Lair:3   | Found a hole to the Spider Nest.
 13830 | Lair:3   | Reached skill level 5 in Shields
 13839 | Lair:3   | Noticed a catoblepas
 13969 | Lair:3   | Reached skill level 5 in Armour
 13992 | Lair:3   | Reached skill level 14 in Fighting
 14544 | Lair:3   | Killed a catoblepas
 14909 | Lair:4   | Reached XP level 13. HP: 125/125 MP: 18/18
 15576 | D:10     | Killed Fannar
 15852 | Orc:1    | Entered Level 1 of the Orcish Mines
 15891 | Orc:1    | Found Kuona's Antique Weapon Emporium.
 16378 | Orc:2    | Entered Level 2 of the Orcish Mines
 16494 | Orc:2    | Noticed an orc warlord
 16533 | Orc:2    | Killed an orc warlord
 16890 | Orc:2    | Reached skill level 10 in Shields
 16982 | Orc:2    | Reached ****** piety under Dithmenos
 17000 | Orc:2    | Reached skill level 15 in Fighting
 17151 | Orc:2    | Found a staircase to the Elven Halls.
 17471 | Orc:1    | Found a burning altar of Makhleb.
 17580 | Orc:2    | Found Sorofih's Magic Scroll Shoppe.
 17639 | Orc:2    | Found Doheukusk's General Store.
 18126 | D:9      | Bought the +9 scales of the Dragon King {rPois rF+ rC+
                  | Will+} for 1747 gold pieces
 18126 | D:9      | Found the +9 scales of the Dragon King {rPois rF+ rC+
                  | Will+}
 18328 | Orc:2    | Reached XP level 14. HP: 28/135 MP: 20/20
 18742 | Orc:2    | Paralysed by an orc sorcerer for 4 turns
 18756 | Orc:2    | Found Suhiugre's Antique Armour Shop.
 18756 | Orc:2    | Found a one-way gate leading to the halls of Pandemonium.
 19071 | Orc:2    | Found Osuox's Jewellery Boutique.
 19079 | Orc:2    | Identified a scroll of acquirement
 19079 | Orc:2    | Acquired a manual of Shields
 19219 | D:11     | Identified the +0 helmet "Xeoll" {rF+ Str+4}
 19311 | D:11     | Identified the +11 long sword of Inquiry {venom, Fly rC-
                  | rCorr Int+3 SInv}
 19686 | D:11     | Reached skill level 10 in Invocations
 21458 | D:13     | Noticed Azrael
 21500 | D:13     | HP: 6/136 [Azrael/damnation (36)]
 21502 | D:13     | Killed Azrael
 21953 | D:13     | Noticed Urug
 21980 | D:13     | Killed Urug
 22045 | D:13     | Reached skill level 16 in Fighting
 22158 | D:13     | Noticed Rupert
 22180 | D:13     | Killed Rupert
 22604 | D:13     | Reached skill level 10 in Armour
 22639 | D:13     | Noticed Jorgrun
 22655 | D:13     | Killed Jorgrun
 22656 | D:13     | Reached skill level 15 in Shields
 23008 | D:14     | Reached skill level 1 in Dodging
 23621 | D:14     | Reached XP level 15. HP: 145/145 MP: 22/22
 23777 | D:14     | Found the ring of the Tortoise {AC+8}
 23961 | D:14     | Found a gate to the Vaults.
 24018 | D:15     | Entered Level 15 of the Dungeon
 24071 | D:15     | Acquired a +5 vorpal broad axe
 24370 | Shoals:1 | Entered Level 1 of the Shoals
 24617 | Shoals:1 | Reached skill level 17 in Fighting
 24799 | Shoals:1 | Reached skill level 5 in Dodging
 25221 | Shoals:1 | Noticed a frost giant
 25222 | Shoals:1 | Noticed a titan
 25229 | Shoals:1 | Killed a frost giant
 25375 | Shoals:1 | Killed a titan
 26164 | Shoals:2 | Found a frozen archway.
 26170 | IceCv    | Entered an ice cave
 27812 | Shoals:2 | Reached skill level 18 in Fighting
 27817 | Shoals:2 | Reached XP level 16. HP: 98/150 MP: 24/24
 28496 | Shoals:2 | Noticed Polyphemus
 28500 | Shoals:2 | Noticed a kraken
 28517 | Shoals:2 | Killed Polyphemus
 29026 | Shoals:2 | Killed a kraken
 30738 | Shoals:3 | Identified the ring of the Gloaming {Contam Will+ rCorr
                  | Str+2}
 30774 | Shoals:3 | Found a runed translucent gate.
 30774 | Shoals:3 | Found a runed translucent gate.
 30774 | Shoals:3 | Found a runed translucent gate.
 30775 | Shoals:3 | Noticed Daczui's ghost (journeyman MiBe)
 31092 | Spider:1 | Entered Level 1 of the Spider Nest
 31499 | Shoals:4 | Entered Level 4 of the Shoals
 31746 | Shoals:4 | Identified the +0 kite shield of Jimuss {rElec Regen+ Str+2
                  | Slay+5}
 31940 | Shoals:4 | Identified the ring "Abanam" {Wiz SInv}
 31951 | Shoals:4 | Reached skill level 19 in Fighting
 32030 | Shoals:4 | Reached skill level 10 in Dodging
 32070 | Shoals:4 | Paralysed by an air elemental for 1 turns
 32412 | Orc:2    | Bought a ring of resist corrosion for 300 gold pieces
 32788 | Shoals:4 | Reached skill level 15 in Armour
 32836 | Shoals:4 | Paralysed by an air elemental for 1 turns
 32841 | Shoals:4 | Noticed a titan
 32853 | Shoals:4 | Killed a titan
 32970 | Shoals:4 | Got a barnacled rune of Zot
 33087 | Shoals:4 | Reached XP level 17. HP: 169/169 MP: 25/25
 33174 | Shoals:4 | Paralysed by an air elemental for 1 turns
 33362 | Spider:1 | Reached skill level 20 in Fighting
 33460 | Spider:1 | Reached skill level 1 in Evocations
 33551 | Spider:1 | You fall into a shaft and drop 1 floor!
 33578 | Spider:1 | Noticed Kirke
 33591 | Spider:1 | Killed Kirke
 34466 | Spider:3 | Identified the +5 war axe of Doom {vorpal, Int+4}
 34658 | Spider:3 | Noticed Arachne
 34675 | Spider:3 | Killed Arachne
 35085 | Spider:4 | Entered Level 4 of the Spider Nest
 35416 | Spider:4 | Reached skill level 5 in Evocations
 35588 | Spider:4 | Reached skill level 21 in Fighting
 36033 | Spider:4 | Reached XP level 18. HP: 179/181 MP: 26/26
 36291 | Spider:4 | Reached XP level 19. HP: 191/191 MP: 27/27
 36315 | Spider:4 | Reached skill level 22 in Fighting
 36446 | Spider:4 | Got a gossamer rune of Zot
 37041 | D:15     | Noticed Agnes
 37049 | D:15     | Killed Agnes
 37343 | D:15     | Noticed Roxanne
 37518 | D:15     | Found a staircase to the Depths.
 37669 | D:15     | Found an iron altar of Okawaru.
 38093 | Depths:1 | Entered Level 1 of the Depths
 38330 | Vaults:1 | Entered Level 1 of the Vaults
 38489 | Vaults:1 | Found Bifa Baq's Assorted Antiques.
 38489 | Vaults:1 | Identified the +9 morningstar "Hodaam" {pain, rF+ Dex+3}
 38555 | Vaults:1 | Noticed Asterion
 38573 | Vaults:1 | Killed Asterion
 38932 | Vaults:1 | Noticed Aizul
 38941 | Vaults:1 | Killed Aizul
 39226 | Vaults:1 | Found the +8 storm bow {elec, penet}
 39423 | Vaults:1 | Reached skill level 23 in Fighting
 39928 | Vaults:2 | Reached XP level 20. HP: 204/204 MP: 28/28
 40709 | Vaults:2 | Found a staircase to the Crypt.
 40812 | Vaults:2 | Reached skill level 10 in Evocations
 41509 | Vaults:3 | Reached skill level 1 in Throwing
 41676 | Vaults:3 | Noticed a golden dragon
 41689 | Vaults:3 | Killed a golden dragon
 41690 | Vaults:3 | Reached skill level 24 in Fighting
 41964 | Vaults:3 | Noticed Mara
 41977 | Vaults:3 | Noticed nightchill's illusion
 41989 | Vaults:3 | Killed Mara
 42327 | Vaults:3 | Reached skill level 5 in Throwing
 42790 | Vaults:4 | Reached XP level 21. HP: 192/215 MP: 30/30
 42828 | Vaults:4 | Found a flickering gateway to a bazaar.
 42848 | Bazaar   | Entered a bazaar
 42856 | Bazaar   | Found Zolishi's Book Shop.
 42856 | Bazaar   | Found Ritypt's Jewellery Shop.
 42900 | Bazaar   | Bought the ring of the Twisting Gods {Wiz rF+ Will+} for
                  | 793 gold pieces
 43350 | Vaults:4 | Reached skill level 25 in Fighting
 43415 | Vaults:4 | Noticed Margery
 43440 | Vaults:4 | Killed Margery
 44172 | Vaults:4 | Found a transporter.
 44214 | Vaults:4 | Found a transporter.
 44838 | Depths:1 | Noticed Nikola
 44850 | Depths:1 | Killed Nikola
 44999 | Depths:1 | Reached skill level 15 in Invocations
 45379 | Depths:1 | Reached skill level 10 in Throwing
 45405 | Depths:1 | Found a one-way gate to the infinite horrors of the Abyss.
 45446 | Depths:1 | Reached skill level 26 in Fighting
 45701 | Depths:1 | Found a gateway to Hell.
 45715 | Depths:1 | Reached XP level 22. HP: 194/228 MP: 32/32
 46225 | Elf:1    | Entered Level 1 of the Elven Halls
 46437 | Elf:1    | Identified the +1 plate armour of Parlour Games {+Blink
                  | Regen+ Int+8 Slay-6}
 46568 | Elf:1    | Got Etsareed's Directory of the Grave
 46671 | Elf:1    | Found Dugrob's Jewellery Shoppe.
 46963 | Elf:2    | Noticed ioannis32's ghost (adept DsBe)
 47198 | Elf:2    | Found a runed translucent door.
 47431 | Elf:2    | Found a runed translucent gate.
 47431 | Elf:2    | Found a runed translucent gate.
 47433 | Elf:2    | Found a runed translucent gate.
 47599 | Abyss:2  | Cast into level 2 of the Abyss (+2 lajatang of distortion)
 47745 | Elf:2    | Escaped the Abyss
 47803 | Elf:2    | Reached skill level 27 in Fighting
 48067 | Elf:2    | Killed ioannis32's ghost
 48476 | D:3      | Killed Sapher's ghost
 48838 | Shoals:3 | Killed Daczui's ghost
 49260 | Vaults:5 | Entered Level 5 of the Vaults
 49260 | Vaults:5 | Noticed an ancient lich
 49407 | Vaults:5 | Noticed an ancient lich
 49420 | Vaults:5 | Killed an ancient lich
 49466 | Vaults:5 | Found Jeiva's Magic Scroll Shoppe.
 49486 | Vaults:5 | Bought a scroll of teleportation for 42 gold pieces
 49486 | Vaults:5 | Bought a scroll of blinking for 105 gold pieces
 49486 | Vaults:5 | Bought a scroll of teleportation for 42 gold pieces
 49652 | Vaults:5 | Noticed a dread lich
 49681 | Vaults:5 | Killed a dread lich
 49811 | Vaults:5 | Identified the +5 broad axe of the Unseen Realm {vorpal,
                  | Dex+3}
 49866 | Vaults:5 | Noticed a dread lich
 49867 | Vaults:5 | Noticed an ancient lich
 49880 | Vaults:5 | Killed a dread lich
 49886 | Vaults:5 | Reached XP level 23. HP: 134/240 MP: 33/33
 49937 | Vaults:5 | Killed an ancient lich
 49971 | Vaults:5 | Identified the +11 long sword "Nuvypp" {flame, rCorr Str-2
                  | Dex+8 Stlth+}
 50000 | Vaults:4 | HP: 2/179 [shadow dragon (9)]
 50000 | Vaults:4 | Slain by a shadow dragon

Illustrated notes

Levels and vault maps discovered:
D:1:      onia_arrival_mini_spirals, layout_loops_ring,
          ebering_ecumenical_altar_rust, feat_on_display
D:2:      layout_basic, minmay_pentomino_z4
D:3:      wander_river, layout_loops_ring, portal_sewer_entry_f,
          gammafunk_ghost_grave, serial_shops, nicolae_shop_statue_plus,
          amcnicky_mini_rare_corridor_liquid, hangedman_glass_teeth,
          small_statue_intersection
D:4:      layout_basic, nicolae_dithmenos_shadow_blocks, minmay_cut_off,
          uniq_duvessa
D:5:      layout_basic, dancing_weapons_uskayaw, minmay_temple_entry_waves,
          enter_ossuary_4
D:6:      layout_basic, grunt_gozag_statues, fedhas_altar_3,
          supply_closet_lemuel, minmay_hedge_maze, grunt_ministairs_6,
          nicolae_fountain_basement
D:7:      nzn_winding_woodlands_small [nzn_winding_woodlands_5x15_crooked,
          nzn_winding_woodlands_center_triple_pond,
          nzn_winding_woodlands_5x15_sawtooth], layout_loops_cross,
          mainiacjoe_overflow_alcove_2, serial_shops, nicolae_stop_n_shop_2,
          uniq_menkaure
D:8:      layout_loops_ring, zin_treasury, nicolae_qazlal_general_emergency,
          grunt_ministairs_14, minivault_25, minmay_hollow_rounded_squares
D:9:      layout_layer_cave, orc_david_3, eino_tiny_chamber,
          grunt_ministairs_13, st_stairs_14
D:10:     gammafunk_cloud_chamber, layout_irregular_city,
          erik_lair_orcish_takeover, uniq_fannar, uniq_snorg
D:11:     layout_irregular_city, hangedman_minor_magic
D:12:     layout_basic, tgw_sif
D:13:     layout_irregular_city, uniq_azrael, uniq_urug, uniq_rupert,
          uniq_jorgrun
D:14:     layout_roguey, ximxim_vaults_locker_room, minmay_crystal_room
D:15:     grunt_enter_depths_snipers, layout_long_grid,
          okawaru_altar_gauntlet_db, uniq_roxanne, uniq_agnes
Temple:   hellmonk_temple_two_chambers
Lair:1:   layout_roguey, uniq_nergalle, uniq_erica
Lair:2:   layout_chaotic_city, elwin_shoals_entry_rocks, grunt_megastairs_2,
          serial_bayou_shore_a
Lair:3:   layout_gridlike, spider_nest_entry_funnel_web
Lair:4:   hellmonk_destroyed_diamonds, layout_loops_ring
Shoals:1: cheibrodos_shoals_gigantism, layout_shoals
Shoals:2: layout_shoals, portal_ice_cave_entry_pillars_1, uniq_polyphemus
Shoals:3: layout_shoals, ebering_ghost_rock_garden, nzn_prometheus_bound
Shoals:4: shoals_end_hellmonk_storm_palace [storm_palace_center_square,
          storm_palace_corner_grid, storm_palace_corner_grid,
          storm_palace_corner_reverse_hut, storm_palace_corner_narrow]
Spider:1: layout_spider_delve, drop_trap, dreamdust_wasp_nest, uniq_kirke
Spider:2: layout_spider_delve, hellmonk_watch_for_rolling_rocks
Spider:3: layout_spider_delve, uniq_arachne
Spider:4: johnstein_spider_rune_arachne_lair
Orc:1:    layout_caves, basic_altar, serial_shops,
          nicolae_shop_advertising_works [nicolae_subvault_shop_adworks]
Orc:2:    pf_orc_diabolical, layout_diamond_mine, basic_altar, elf_legates
Elf:1:    layout_geoelf_octagon, serial_shops, shop, minmay_elf_necromancy
Elf:2:    nicolae_elf_blades_splatter_lattice
          [nicolae_blade_entry_area_security], layout_geoelf_octagon,
          hellmonk_ghost_happy_afterlife
Vaults:1: vaults_room_fours, v_misc_25, vaults_room_grid,
          ontoclasm_vaults_ring_small, ontoclasm_vaults_loading_screen,
          vaults_room_hangedman_quadrants, layout_vaults_omnigrid, serial_shops,
          shop, uniq_asterion, uniq_aizul
Vaults:2: v_misc_27, v_rooms_6, vaults_room_boxed, nicolae_vaults_gold_heap,
          hangedman_vaults_corner_blocks, ontoclasm_vaults_loading_screen,
          vaults_mumra_minichess, ontoclasm_vaults_eye,
          minmay_crypt_entry_simple_statues, nicolae_vaults_mini_display_case,
          vaults_dpeg_ring, layout_vaults_chaotic_city
Vaults:3: st_lattice, hangedman_vaults_restitches, hangedman_vaults_stitches,
          hangedman_vaults_trim, vaults_dpeg_cross,
          ontoclasm_vaults_decontamination,
          vaults_standard_mumra_enter_the_diamond,
          vaults_mumra_minichess_inversion,
          vaults_standard_mumra_enter_the_diamond,
          nicolae_vaults_little_squares_2, v_misc_23, vaults_room_grid,
          vaults_room_semicircle, nicolae_vaults_shelves_hall,
          layout_vaults_maze_bifur, uniq_mara
Vaults:4: v_alt_pattern_1, grunt_vaults_swirl, gammafunk_its_a_trap,
          vaults_room_stairs_pillars, ontoclasm_vaults_claustrophobia,
          ontoclasm_vaults_spin, nicolae_vaults_network_periphery,
          nicolae_vaults_bisected_exclaves, vaults_dpeg_spiral,
          vaults_dpeg_hooks, ontoclasm_vaults_fault, dpeg_vaults_monster_box,
          hangedman_vaults_locks, vaults_room_pool, layout_vaults_omnicross,
          serial_shops, bzr_entry_gold, uniq_margery
Vaults:5: serial_shops
Depths:1: dpeg_oklob_gauntlet, layout_gridlike, pf_dread_powers_of_hell,
          kennysheep_nondescript, abyss_entry_glasseish, pan_entry,
          evilmike_ambush [evilmike_ambush_outer_basic,
          evilmike_ambush_inner_basic], serial_bayou_shore_b,
          kennysheep_random_hallway, uniq_nikola

Skill      XL: |  1  2  3  4  5  6  7  8  9 10 11 12 13 14 15 16 17 18 19 20 21 22 23 |
---------------+----------------------------------------------------------------------+-----
Axes           | 3 4 5 6 7 9 11 14 15 17 18 | 18.0
Fighting       | 4 5 6 7 8 10 11 13 14 15 16 18 19 21 23 24 26 27 | 27.0
Invocations    | 4 6 8 9 11 12 13 15 | 15.0
Shields        | 8 11 15 | 15.0
Armour         | 6 8 10 12 15 17 19 20 | 20.0
Dodging        | 3 7 10 | 10.0
Evocations     | 5 6 9 10 13 14 | 14.0
Throwing       | 6 10 12 | 12.0

Action                   |  1- 3 |  4- 6 |  7- 9 | 10-12 | 13-15 | 16-18 | 19-21 | 22-24 || total
-------------------------+-------+-------+-------+-------+-------+-------+-------+-------++-------
Melee: War axe           |    75 |   112 |   305 |   206 |     6 |       |       |       ||   704
       Headbutt          |     7 |    14 |    56 |   116 |   277 |   216 |   379 |   170 ||  1235
       Short sword       |       |       |     6 |       |       |       |       |       ||     6
       Broad axe         |       |       |       |   256 |  1035 |   849 |  1163 |   535 ||  3838
Throw: Throwing net      |       |       |       |       |     1 |       |       |       ||     1
       Dart              |       |       |       |       |       |       |     1 |       ||     1
Invok: Shadow Step       |       |       |       |       |     4 |     2 |     4 |     1 ||    11
       Shadow Form       |       |       |       |       |     2 |     3 |       |     4 ||     9
 Abil: End Transformatio |       |       |       |       |     1 |     2 |       |     2 ||     5
Evoke: Wand              |       |       |     1 |       |       |       |     1 |       ||     2
       Condenser vane    |       |       |       |       |       |       |     4 |     5 ||     9
       Phial of floods   |       |       |       |       |       |       |       |     1 ||     1
  Use: Potion            |       |     1 |     2 |     4 |     8 |     2 |     5 |    13 ||    35
       Scroll            |       |       |       |    15 |    21 |     3 |     1 |     9 ||    49
 Stab: Invisible         |       |       |       |       |     4 |       |       |       ||     4
       Held in net/web   |       |       |       |       |     2 |       |       |       ||     2
       Distracted        |       |       |       |       |     1 |     1 |       |       ||     2
       Petrified         |       |       |       |       |       |     3 |       |       ||     3
       Petrifying        |       |       |       |       |       |     2 |     1 |       ||     3
Armor: Scale mail        |    31 |    41 |   115 |    26 |       |       |       |       ||   213
       Plate armour      |       |       |       |   141 |    62 |       |       |       ||   203
       Gold dragon scale |       |       |       |       |   386 |   465 |   584 |   244 ||  1679
Dodge: Dodged            |    27 |    48 |   153 |   179 |   269 |   366 |   433 |   251 ||  1726
       Repelled          |       |       |       |     4 |    10 |     6 |     9 |    17 ||    46
Block: Buckler           |    13 |    27 |    58 |    61 |       |       |       |       ||   159
       Kite shield       |       |       |       |    93 |   634 |   525 |   648 |   259 ||  2159
